 Dungeon Crawl Stone Soup version 0.30.1-3-gfc49f6343a (webtiles) character file.

Game seed: 952821379678498473

1016 booth the Magician (level 8, -2/58 HPs)
             Began as a Djinni Fire Elementalist on July 25, 2023.
             Slain by a hornet zombie (10 damage)
             ... on level 5 of the Dungeon on July 26, 2023.
             The game lasted 00:30:21 (4675 turns).

booth the Magician (Djinni Fire Elementalist)       Turns: 4675, Time: 00:30:21

Health: -2/58      AC:  5    Str:  7    XL:     8   Next: 45%
Gold:   235        EV: 13    Int: 20    God:
                   SH:  0    Dex: 13

rFire   + + .        a - +1 dagger (drain)
rCold   . . .        (no shield)
rNeg    . . .        y - +2 leather armour {rC+}
rPois   ∞            (no helmet)
rElec   .            (no cloak)
rCorr   .            (no gloves)
SInv    .            (boots unavailable)
Will    .....        q - amulet of the acrobat
Stlth   ++           (no ring)
HPRegen 0.29/turn    (no ring)
MPRegen 0.00/turn

%: acrobat, infuse magic (-3 HP)
@: flying
A: sickness immunity, fire resistance 2, cold vulnerability 1, float, innate
caster, HP casting, extra vitality 1
a: no special abilities


You were on level 5 of the Dungeon.
You visited 1 branch of the dungeon, and saw 5 of its levels.

You collected 235 gold pieces.

Inventory:

Hand Weapons
 a - a +1 dagger of draining (weapon)
 c - a +3 short sword
 e - a +0 dagger of venom
 n - a +0 mace
Missiles
 d - a datura-tipped dart (quivered)
 g - 4 boomerangs of dispersal
 k - a throwing net
Armour
 p - a +0 robe of positive energy
 y - a +2 leather armour of cold resistance (worn)
Jewellery
 q - an amulet of the acrobat (around neck)
Wands
 r - a wand of iceblast (9)
Scrolls
 f - a scroll of acquirement {unknown}
 i - a scroll of enchant armour {unknown}
 j - a scroll of enchant weapon
 l - a scroll of blinking {unknown}
 m - a scroll of vulnerability {unknown}
 t - a scroll of brand weapon {unknown}
Potions
 h - 3 potions of curing
 o - a potion of might {unknown}
 s - a potion of brilliance
 u - a potion of attraction {unknown}
 w - a potion of haste {unknown}


   Skills:
 + Level 3.8 Fighting
 + Level 5.0 Dodging
 + Level 4.0 Stealth
 * Level 5.1 Spellcasting


You knew the following spells:

 Your Spells              Type           Power      Damage    Failure   Level
a - Foxfire               Conj/Fire      100%       2x1d9     2%          1
b - Scorch                Fire           50%        2d7       3%          2
c - Volatile Blastmotes   Fire/Tloc      50%        2d14      6%          3
d - Inner Flame           Hex/Fire       25%        N/A       6%          3
e - Flame Wave            Conj/Fire      25%        2d8       22%         4
f - Necrotise             Necr           100%       1d9       2%          1
g - Blink                 Tloc           50%        N/A       3%          2
h - Searing Ray           Conj           50%        2d6       3%          2
Your spell library was empty.

Dungeon Overview and Level Annotations

Branches:
Dungeon (5/15)
 Temple: D:4-7

Altars:
Elyvilon
Ru

Shops:
D:4 :

Annotations:
D:5 Prince Ribbit


Innate Abilities, Weirdness & Mutations

You are immune to sickness and miasma.
You are immune to poison.
Your flesh is very heat resistant. (rF++)
You are vulnerable to cold. (rC-)
You float through the air rather than walking.
You learn spells naturally, not from books.
Your magical power is your life essence.
You have superior vitality. (+4 MHP)


Message History

You start resting.
HP restored.
You fly downwards.
Level annotation: Prince Ribbit Prince Ribbit hits you!
The hornet zombie hits you. Prince Ribbit hits you.
The hornet zombie closely misses you.
There is a stone staircase leading up here.
Casting: Foxfire (safe; 2% risk of failure)
Confirm with . or Enter, or press ? or * to list all spells.
Flames lash the hornet zombie.
The hornet zombie is heavily damaged.
The hornet zombie's fire resistance burns away.
Prince Ribbit hits you but does no damage.
The hornet zombie misses you. Prince Ribbit barely misses you.
Casting: Scorch (safe; 3% risk of failure)
Confirm with . or Enter, or press ? or * to list all spells.
Flames lash the hornet zombie.
The hornet zombie is burned terribly!
The hornet zombie is heavily damaged.
The hornet zombie hits you. Prince Ribbit hits you!
The hornet zombie hits you but does no damage.
Casting: Scorch (safe; 3% risk of failure)
Confirm with . or Enter, or press ? or * to list all spells.
You conjure some foxfire!
Prince Ribbit hits you. The hornet zombie closely misses you.
Prince Ribbit hits you.
You hit Prince Ribbit. You drain Prince Ribbit.
Prince Ribbit is heavily wounded.
The foxfire hits Prince Ribbit.
Prince Ribbit is severely wounded.
The foxfire hits the hornet zombie.
The hornet zombie is burned terribly!
The hornet zombie is heavily damaged.
The hornet zombie barely misses you.
Prince Ribbit hits you but does no damage.
You hit Prince Ribbit.
Prince Ribbit is severely wounded.
The hornet zombie hits you.
* * * LOW HITPOINT WARNING * * *
Prince Ribbit closely misses you. The hornet zombie hits you!
* * * LOW HITPOINT WARNING * * *
Prince Ribbit blinks!
The hornet zombie hits you!
You die...

##.### ... ..# #... .
##.h##.##.. ...##....
.##.)........
..#........##...#.......
..##....#..#..)(#..F....
.......##....#(##......
#..#.........(# ...##.
###..#..Z.......##.#....
.......@)##........#....
.......§.#............##
..............)†...<....
.................#.....o
........###......#......
....F#..................
....##..........h.......
.... ........((.........
... ...)..#..##...#....o


You could see Prince Ribbit (drained) and a hornet zombie (combustible).

Vanquished Creatures
  Pikel (D:4)
  Eustachio (D:4)
  2 lemures (D:4)
  A phantom (D:5)
  A bullfrog (D:5)
  2 hounds
  An iguana (D:3)
  A scorpion zombie (D:5)
  An orc wizard (D:5)
  A hound zombie (D:5)
  3 adders
  A worm (D:2)
  3 dart slugs
  13 orcs
  7 ball pythons
  8 bats
  3 endoplasms
  3 giant cockroaches
  4 goblins
  13 hobgoblins
  2 jackals (D:5)
  5 kobolds
  2 quokkas
  7 frilled lizards
  4 rats
90 creatures vanquished.

Vanquished Creatures (collateral kills)
  2 orcs (D:4)
2 creatures vanquished.

Vanquished Creatures (others)
  131 foxfires
131 creatures vanquished.

Grand Total: 223 creatures vanquished

Notes
Turn   | Place    | Note
-------+----------+-------------------------------------------
     0 | D:1      | booth the Djinni Fire Elementalist began the quest for the
                  | Orb.
     0 | D:1      | booth set off with the following spells memorised: Foxfire,
                  | Scorch, Volatile Blastmotes, Inner Flame, Flame Wave.
     0 | D:1      | Reached XP level 1. HP: 15/15 MP: 0/0
   121 | D:1      | Reached XP level 2. HP: 12/22 MP: 0/0
   404 | D:1      | Reached XP level 3. HP: 26/26 MP: 0/0
   404 | D:1      | Learned a level 1 spell: Necrotise
   653 | D:1      | Reached skill level 1 in Fighting
  1165 | D:2      | Reached XP level 4. HP: 30/32 MP: 0/0
  1901 | D:3      | Found a white marble altar of Elyvilon.
  2240 | D:3      | Reached XP level 5. HP: 33/37 MP: 0/0
  2240 | D:3      | Learned a level 2 spell: Blink
  2534 | D:4      | Found a sacrificial altar of Ru.
  3074 | D:4      | Found Eforabb's Book Shoppe.
  3307 | D:4      | Noticed Eustachio
  3325 | D:4      | Killed Eustachio
  3326 | D:4      | Reached XP level 6. HP: 37/45 MP: 0/0
  3558 | D:5      | Entered Level 5 of the Dungeon
  3584 | D:5      | Reached XP level 7. HP: 19/49 MP: 0/0
  3584 | D:5      | Learned a level 2 spell: Searing Ray
  4105 | D:5      | Noticed Pikel
  4374 | D:4      | Killed Pikel
  4375 | D:4      | Reached skill level 5 in Spellcasting
  4375 | D:4      | Reached XP level 8. HP: 15/58 MP: 0/0
  4534 | D:5      | Reached skill level 5 in Dodging
  4553 | D:5      | Noticed Prince Ribbit
  4675 | D:5      | Slain by a hornet zombie

Illustrated notes

Levels and vault maps discovered:
D:1:      dpeg_arrival_rhombi, layout_loops_ring, st_stairs_9
D:2:      layout_rooms, minivault_4, minmay_misc_feat_tiny
D:3:      layout_loops_corners, nicolae_elyvilon_temple_path,
          serial_bayou_pond_e, nicolae_concentric_dashed_squares_mild,
          roderic_lattice_a, minmay_misc_feat_nine_boxes
D:4:      layout_basic, nicolae_ru_awakened_eye, serial_shops, shop,
          uniq_eustachio
D:5:      layout_cave_pools, minmay_temple_entry_mist, serial_undead,
          serial_undead_f, serial_undead_c, serial_undead_b, serial_undead_f,
          uniq_pikel, uniq_prince_ribbit1, uniq_crazy_yiuf_cottage

Skill      XL: |  1  2  3  4  5  6  7  8 |
---------------+-------------------------+-----
Fighting       | 1 2 3 |  3.8
Stealth        | 2 3 4 |  4.0
Spellcasting   | 3 4 5 |  5.1
Dodging        | 3 4 5 |  5.0

Action                     |  1- 3 |  4- 6 |  7- 9 || total
---------------------------+-------+-------+-------++-------
  Melee: Short sword       |     7 |       |       ||     7
         Dagger            |    25 |    51 |    45 ||   121
         Punch             |     2 |     1 |     1 ||     4
  Throw: Dart              |       |     6 |     8 ||    14
   Cast: Foxfire           |    27 |    25 |    19 ||    71
         Scorch            |    10 |    11 |    18 ||    39
         Inner Flame       |       |     1 |       ||     1
         Necrotise         |       |     1 |     1 ||     2
         Searing Ray       |       |       |     2 ||     2
         Volatile Blastmot |       |       |     1 ||     1
    Use: Scroll            |     2 |     6 |     1 ||     9
         Potion            |       |     1 |     2 ||     3
 Armour: Robe              |     9 |    11 |       ||    20
         Leather armour    |       |       |    42 ||    42
  Dodge: Dodged            |    36 |    48 |    93 ||   177
